 Dungeon Crawl Stone Soup version 0.32-a0-7-ge934b4519a (webtiles) character file.

Game seed: 13417845240701249523

1655 Sabo the Ducker (level 9, 0/80 HPs)
             Began as a Gnoll Monk on Jan 12, 2024.
             Slain by a gnoll
             ... wielding a +0 spear
             ... led by a gnoll sergeant
              (4 damage)
             ... on level 5 of the Dungeon on Jan 14, 2024.
             The game lasted 00:45:40 (6645 turns).

Sabo the Ducker (Gnoll Monk)                        Turns: 6645, Time: 00:45:41

Health: 0/80       AC: 23    Str: 15    XL:     9   Next: 0%
Magic:  14/14      EV: 12    Int:  9    God:
Gold:   209        SH:  0    Dex: 15    Spells: 15/15 levels left

rFire   . . .        p - +2 mace (protect)
rCold   . . .        d - orb {light}
rNeg    . . .        c - +1 scale mail
rPois   +            m - +2 helmet
rElec   .            G - +2 cloak
rCorr   .            s - +0 pair of gloves
SInv    .            w - +0 pair of boots
Will    .....        (no amulet)
Stlth   +            i - ring of poison resistance
HPRegen 0.33/turn    (no ring)
MPRegen 0.14/turn

%: no passive effects
@: mighty, lethally poisoned (0 -> -4), under a protective aura, glowing
A: fangs 1, strong nose, distributed training, mutation resistance 1, robust 1,
wild magic 1
a: no special abilities


You were on level 5 of the Dungeon.
You visited 2 branches of the dungeon, and saw 6 of its levels.
You also visited: Sewer and Ossuary.

You collected 209 gold pieces.

Inventory:

Hand Weapons
 a - a +0 hand axe
 p - a +2 mace of protection (weapon)
 q - a +3 dagger of venom
 D - a +0 sling
 F - a +2 quarterstaff of chaos
 I - a +1 short sword of venom
Missiles
 J - 3 poisoned darts (quivered)
 K - 2 throwing nets
Armour
 c - a +1 scale mail (worn)
 d - an orb of light (worn)
 m - a +2 helmet (worn)
 s - a +0 pair of gloves (worn)
 w - a +0 pair of boots (worn)
 G - a +2 cloak (worn)
Jewellery
 i - a ring of poison resistance (left hand)
 A - an amulet of faith
Talismans
 y - a beast talisman
Wands
 o - a wand of iceblast (13)
Scrolls
 h - a scroll of summoning
 j - 4 scrolls of enchant armour
 k - 3 scrolls of poison
 t - 4 scrolls of teleportation
 u - a scroll of fog
 v - a scroll of fear
 x - a scroll of silence {unknown}
 z - 2 scrolls of enchant weapon {unknown}
 B - a scroll of brand weapon {unknown}
 C - a scroll of amnesia {unknown}
Potions
 b - 2 potions of mutation
 e - 3 potions of curing {unknown}
 f - 3 potions of heal wounds {unknown}
 g - 5 potions of enlightenment
 l - 2 potions of cancellation {unknown}
 n - a potion of haste {unknown}
 r - 2 potions of might
 E - a potion of lignification {unknown}
 H - a potion of resistance {unknown}


   Skills:
 + Level 7.7 Fighting
 + Level 3.9 Short Blades
 + Level 3.9 Long Blades
 + Level 7.7 Axes
 + Level 3.9 Maces & Flails
 + Level 3.9 Polearms
 + Level 3.9 Staves
 + Level 3.9 Ranged Weapons
 + Level 3.9 Throwing
 + Level 3.9 Armour
 + Level 7.7 Dodging
 + Level 3.9 Stealth
 + Level 3.9 Shields
 + Level 3.9 Unarmed Combat
 + Level 3.9 Spellcasting
 + Level 3.2 Conjurations
 + Level 3.2 Hexes
 + Level 3.2 Summonings
 + Level 3.2 Necromancy
 + Level 3.2 Translocations
 + Level 3.2 Fire Magic
 + Level 3.2 Ice Magic
 + Level 3.2 Air Magic
 + Level 3.2 Earth Magic
 + Level 3.2 Alchemy
 + Level 4.3 Invocations
 + Level 3.9 Evocations
 + Level 3.5 Shapeshifting


You had 15 spell levels left.
You didn't know any spells.
Your spell library contained the following spells:

 Spells                   Type           Power      Damage    Failure   Level
 Kiss of Death            Conj/Necr      36%        2d8       34%         1
 Cigotuvi's Dreadful Rot  Necr/Alch/Air  18%        N/A       47%         2
 Confusing Touch          Hex            9%         N/A       71%         3
 Fugue of the Fallen      Necr           9%         N/A       71%         3
 Ozocubu's Armour         Ice            9%         N/A       71%         3
 Dispel Undead            Necr           9%         3d8       97%         4
 Ignite Poison            Fire/Alch      9%         N/A       97%         4
 Manifold Assault         Tloc           9%         N/A       97%         4
 Freezing Cloud           Conj/Ice/Air   4%         6-21      100%        5
 Malign Gateway           Summ/Tloc      4%         N/A       100%        7
 Summon Horrible Things   Summ           4%         N/A       100%        8


Dungeon Overview and Level Annotations

Branches:
Dungeon (5/15)             Temple (1/1) D:5           Sewer (visited)
Ossuary (visited)

Altars:
Cheibriados
Dithmenos
Elyvilon
Fedhas
Makhleb
Nemelex Xobeh
Ru
Trog
Uskayaw
Vehumet
Wu Jian
Xom
Yredelemnul
Zin
The Shining One

Shops:
D:4 (=


Innate Abilities, Weirdness & Mutations

You have very sharp teeth.
Your uncanny sense of smell can sniff out nearby items.
Your experience applies equally to all skills.
You are somewhat resistant to further mutation.
You are robust. (+10% HP)
Your spells are a little harder to cast, but a little more powerful.


Message History

You feel very sick.
The orc wizard shouts!
The orc shouts! x2
The gnoll misses you.
The gnoll sergeant hits you with a +4 spear of venom.
You are more poisoned.
The gnoll sergeant blocks your attack.
You bite the gnoll sergeant, but do no damage.
You feel very sick. The gnoll barely misses you.
An orc comes into view. It is wielding a +0 trident.
The gnoll sergeant hits you with a +4 spear of venom.
* * * LOW HITPOINT WARNING * * *
The gnoll sergeant blocks your attack.
You feel very sick.
The orc shouts!
The gnoll hits you but does no damage. The gnoll sergeant barely misses you.
An orc comes into view.
It is wielding a +1 whip of electrocution.
The gnoll hits you with a +0 spear.
* * * LOW HITPOINT WARNING * * *
The gnoll sergeant hits you but does no damage.
The orc moves out of view.
You hit the gnoll sergeant.
Your weapon exudes an aura of protection.
The gnoll sergeant is lightly wounded.
You feel very sick. The gnoll hits you but does no damage.
The gnoll sergeant hits you but does no damage.
The orc shouts!
You hit the gnoll sergeant.
You bite the gnoll sergeant, but do no damage.
The gnoll sergeant is moderately wounded.
You feel very sick. The gnoll hits you with a +0 spear.
* * * LOW HITPOINT WARNING * * *
The gnoll sergeant closely misses you.
It was a potion of might.
You feel very mighty all of a sudden.
* * * LOW HITPOINT WARNING * * *
You feel sick. The gnoll hits you with a +0 spear.
You die...

##..# #..#
#..# ∆
#..# #..#
#..# #).#
#..# #@g#
.o..o.g..#
....o.o..#
.#########


You could see a gnoll sergeant, an orc wizard, a gnoll and 3 orcs.

Vanquished Creatures
  Grinder (D:4)
  Sigmund (D:2)
  Menkaure (Ossuary)
  A water moccasin (D:4)
  2 black bears
  A brain worm (Sewer)
  A scorpion (D:5)
  A howler monkey (D:4)
  A bombardier beetle (D:3)
  3 hounds
  Crazy Yiuf (D:4)
  An orc priest (D:4)
  A jelly (D:4)
  Ijyb (D:4)
  2 iguanas (D:5)
  Terence (D:2)
  4 mummies
  Robin (D:2)
  5 gnolls (D:5)
  6 adders
  3 river rats (Sewer)
  7 ribbon worms
  A dart slug (Sewer)
  9 orcs
  13 bats
  4 endoplasms
  12 giant cockroaches
  16 goblins
  7 hobgoblins
  15 jackals
  6 quokkas
  10 ball pythons
  7 frilled lizards
  5 gnoll skeletons (Ossuary)
  6 gnoll zombies (Ossuary)
  5 goblin skeletons (Ossuary)
  4 goblin zombies (Ossuary)
  3 hobgoblin skeletons (Ossuary)
  5 hobgoblin zombies
  11 kobolds
  6 kobold skeletons (Ossuary)
  4 kobold zombies (Ossuary)
  5 orc skeletons (Ossuary)
  4 orc zombies (Ossuary)
  23 rats
  A rat skeleton (Ossuary)
  3 rat zombies (Ossuary)
231 creatures vanquished.

Notes
Turn   | Place    | Note
-------+----------+-------------------------------------------
     0 | D:1      | Sabo the Gnoll Monk began the quest for the Orb.
     0 | D:1      | Reached XP level 1. HP: 23/23 MP: 1/1
     0 | D:1      | Upgraded the game from 0.31-a0-1626-g5cb510d322 to
                  | 0.32-a0-7-ge934b4519a
   332 | D:1      | Reached XP level 2. HP: 28/29 MP: 2/2
   909 | D:2      | Reached XP level 3. HP: 32/35 MP: 2/4
   933 | D:2      | Reached skill level 1 in Invocations
  1062 | D:2      | Noticed Robin
  1064 | D:2      | Reached skill level 1 in Short Blades
  1064 | D:2      | Reached skill level 1 in Long Blades
  1064 | D:2      | Reached skill level 1 in Maces & Flails
  1064 | D:2      | Reached skill level 1 in Polearms
  1064 | D:2      | Reached skill level 1 in Staves
  1064 | D:2      | Reached skill level 1 in Ranged Weapons
  1064 | D:2      | Reached skill level 1 in Throwing
  1064 | D:2      | Reached skill level 1 in Armour
  1064 | D:2      | Reached skill level 1 in Stealth
  1064 | D:2      | Reached skill level 1 in Shields
  1064 | D:2      | Reached skill level 1 in Unarmed Combat
  1064 | D:2      | Reached skill level 1 in Spellcasting
  1064 | D:2      | Reached skill level 1 in Evocations
  1085 | D:2      | Reached skill level 1 in Shapeshifting
  1085 | D:2      | Reached XP level 4. HP: 25/41 MP: 5/5
  1091 | D:2      | Killed Robin
  1330 | D:2      | Reached skill level 1 in Conjurations
  1330 | D:2      | Reached skill level 1 in Hexes
  1330 | D:2      | Reached skill level 1 in Summonings
  1330 | D:2      | Reached skill level 1 in Necromancy
  1330 | D:2      | Reached skill level 1 in Translocations
  1330 | D:2      | Reached skill level 1 in Fire Magic
  1330 | D:2      | Reached skill level 1 in Ice Magic
  1330 | D:2      | Reached skill level 1 in Air Magic
  1330 | D:2      | Reached skill level 1 in Earth Magic
  1330 | D:2      | Reached skill level 1 in Alchemy
  1343 | D:2      | Noticed Sigmund
  1378 | D:2      | Killed Sigmund
  1379 | D:2      | Reached XP level 5. HP: 35/47 MP: 5/7
  1379 | D:2      | Reached XP level 6. HP: 39/53 MP: 5/8
  1488 | D:2      | Noticed Terence
  1513 | D:2      | Killed Terence
  1816 | D:2      | Found a faded altar of an unknown god.
  2136 | D:3      | Found a radiant altar of Vehumet.
  2201 | D:3      | Found a glowing drain.
  2221 | Sewer    | Entered a sewer
  2665 | Sewer    | Reached XP level 7. HP: 58/60 MP: 10/10
  3575 | D:3      | Found a hide-covered altar of Uskayaw.
  3890 | D:4      | Found a sand-covered staircase.
  3933 | Ossuary  | Entered an ossuary
  4235 | Ossuary  | Noticed Menkaure
  4247 | Ossuary  | Killed Menkaure
  4728 | D:4      | Gained mutation: Your spells are a little harder to cast,
                  | but a little more powerful. [potion of mutation]
  4728 | D:4      | Gained mutation: You are robust. (+10% HP) [potion of
                  | mutation]
  4728 | D:4      | Gained mutation: You are somewhat resistant to further
                  | mutation. [potion of mutation]
  4790 | D:4      | Reached XP level 8. HP: 65/73 MP: 12/12
  4854 | D:4      | Found a sparkling altar of Nemelex Xobeh.
  4879 | D:4      | Noticed Ijyb
  4895 | D:4      | Killed Ijyb
  5028 | D:4      | Noticed Grinder
  5041 | D:4      | Paralysed by Grinder for 3 turns
  5047 | D:4      | Paralysed by Grinder for 2 turns
  5070 | D:4      | Paralysed by Grinder for 3 turns
  5074 | D:4      | Killed Grinder
  5217 | D:4      | Found Giozoeg's Jewellery Shoppe.
  5260 | D:4      | Found a runed translucent door.
  5261 | D:4      | Noticed Crazy Yiuf
  5269 | D:4      | Killed Crazy Yiuf
  5539 | D:4      | Found a shadowy altar of Dithmenos.
  5543 | D:4      | Found a glowing silver altar of Zin.
  5546 | D:4      | Found a blossoming altar of Fedhas.
  5861 | D:4      | Found Vuosu's Antique Weapon Boutique.
  5932 | D:5      | Entered Level 5 of the Dungeon
  6107 | D:5      | Found a staircase to the Ecumenical Temple.
  6131 | Temple   | Entered the Ecumenical Temple
  6639 | D:5      | Reached XP level 9. HP: 46/80 MP: 14/14
  6645 | D:5      | HP: 4/80 [poisoned by a gnoll sergeant]
  6645 | D:5      | Slain by a gnoll

Illustrated notes

Levels and vault maps discovered:
D:1:      scummos_arrival_star, layout_loops_corners,
          chequers_serial_rivers_micro_d
D:2:      layout_basic, serial_glass, glass_columns_a, glass_columns_a,
          ebering_ecumenical_altar_rust, minmay_rat_hole, uniq_terence,
          uniq_robin, uniq_sigmund
D:3:      layout_basic, mainiacjoe_overflow_24_doors, marbit_many_paths,
          gup_sewer_entry_pipe
D:4:      layout_basic, nemelex_dance_club_becter, minitemple, serial_shops,
          shop_statue, nicolae_shop_tiny_statue_garden,
          nicolae_ossuary_entry_giza, uniq_ijyb, uniq_crazy_yiuf_cottage,
          uniq_grinder
D:5:      layout_loops_ring, minmay_temple_entry_trees, uniq_blork_the_orc
Temple:   nicolae_temple_ecumenical_triangle

Skill      XL: |  1  2  3  4  5  6  7  8 |
---------------+-------------------------+-----
Invocations    | 1 2 3 4 |  4.3
Short Blades   | 1 2 3 |  3.9
Long Blades    | 1 2 3 |  3.9
Maces & Flails | 1 2 3 |  3.9
Polearms       | 1 2 3 |  3.9
Staves         | 1 2 3 |  3.9
Ranged Weapons | 1 2 3 |  3.9
Throwing       | 1 2 3 |  3.9
Armour         | 1 2 3 |  3.9
Stealth        | 1 2 3 |  3.9
Shields        | 1 2 3 |  3.9
Unarmed Combat | 1 2 3 |  3.9
Spellcasting   | 1 2 3 |  3.9
Evocations     | 1 2 3 |  3.9
Shapeshifting  | 1 2 3 |  3.5
Conjurations   | 1 2 3 |  3.2
Hexes          | 1 2 3 |  3.2
Summonings     | 1 2 3 |  3.2
Necromancy     | 1 2 3 |  3.2
Translocations | 1 2 3 |  3.2
Fire Magic     | 1 2 3 |  3.2
Ice Magic      | 1 2 3 |  3.2
Air Magic      | 1 2 3 |  3.2
Earth Magic    | 1 2 3 |  3.2
Alchemy        | 1 2 3 |  3.2
Fighting       | 7 |  7.7
Axes           | 7 |  7.7
Dodging        | 7 |  7.7

Action                     |  1- 3 |  4- 6 |  7- 9 || total
---------------------------+-------+-------+-------++-------
  Melee: Hand axe          |    96 |    65 |       ||   161
         Bite              |     7 |    33 |    63 ||   103
         Mace              |       |   158 |   418 ||   576
    Use: Potion            |       |     1 |     2 ||     3
         Scroll            |       |     3 |     6 ||     9
 Armour: Robe              |    42 |     4 |       ||    46
         Animal skin       |       |    28 |       ||    28
         Scale mail        |       |   125 |   382 ||   507
  Dodge: Dodged            |    77 |   195 |   336 ||   608

Table legend: (Time is in decaauts)
 A = Elapsed time spent in this place.
 B = Non-inter-level travel time spent in this place.
 C = Inter-level travel time spent in this place.
 D = Time resting spent in this place.
 E = Time spent auto-exploring this place.
 F = Levels seen in this place.
 G = Mean time per level.
                   A        B        C        D        E       F      G
               +--------+--------+--------+--------+--------+-----+--------+
         Total |   7052 |   7052 |      0 |   1119 |      0 |   8 |  881.5 |
       Dungeon |   5184 |   5184 |      0 |    863 |      0 |   5 | 1036.8 |
        Temple |     74 |     74 |      0 |      0 |      0 |   1 |   74.0 |
         Sewer |   1055 |   1055 |      0 |     55 |      0 |   1 | 1055.0 |
       Ossuary |    737 |    737 |      0 |    201 |      0 |   1 |  737.0 |
               +--------+--------+--------+--------+--------+-----+--------+

Top non-repeatable levels by time:
     D:4: 1387 daAuts
     D:2: 1230 daAuts
   Sewer: 1055 daAuts
     D:3: 1025 daAuts
     D:1: 886 daAuts
 Ossuary: 737 daAuts
     D:5: 654 daAuts
  Temple: 74 daAuts
